 Dungeon Crawl Stone Soup version 0.32-a0-933-ga8fa3634e4 (webtiles) character file.

Game seed: 8315770509797537558

5369 Autsider the Zephyrmancer (level 10, 0/60 HPs)
             Began as a Tengu Air Elementalist on Apr 14, 2024.
             Slain by a large slime creature (31 damage)
             ... on level 8 of the Dungeon.
             The game lasted 00:29:26 (11033 turns).

Autsider the Zephyrmancer (Tengu Air Elementalist) Turns: 11033, Time: 00:29:26

Health: 0/60       AC:  7    Str:  8    XL:     10   Next: 66%
Magic:  9/19       EV: 19    Int: 20    God:
Gold:   197        SH:  8    Dex: 15    Spells: 12/20 levels left

rFire   . . .        v - +2 whip (venom)
rCold   . . .        B - +0 kite shield
rNeg    + . .        m - +3 leather armour {rN+}
rPois   .            (helmet restricted)
rElec   .            C - +0 cloak
rCorr   .            (no gloves)
SInv    .            (boots unavailable)
Will    .....        (no amulet)
Stlth   +++          q - +5 ring of evasion
HPRegen 0.30/turn    (no ring)
MPRegen 0.16/turn

%: acrobat
@: swift, flying, very quick
A: beak, talons 3, evasive flight, acrobatic
a: no special abilities


You were on level 8 of the Dungeon.
You visited 1 branch of the dungeon, and saw 9 of its levels.

You collected 520 gold pieces.
You spent 323 gold pieces at shops.

Inventory:

Hand Weapons
 c - a +1 antimagic dagger
 d - a +1 short sword of electrocution
 v - a +2 whip of venom (weapon)
 E - a +3 rapier of draining
 F - a +5 war axe
 G - a +1 halberd of venom
Missiles
 H - 6 darts of dispersal
Armour
 m - a +3 leather armour of positive energy (worn)
 B - a +0 kite shield (worn)
 C - a +0 cloak (worn)
 L - the +0 ring mail of the Cockatrice {rN++ Will+}
   (You found it on level 8 of the Dungeon)

   rN++:      It greatly protects you from negative energy.
   Will+:     It increases your willpower.
Magical Staves
 k - a staff of fire
 n - a staff of death
Jewellery
 q - a +5 ring of evasion (left hand)
Wands
 h - a wand of iceblast (2)
 J - a wand of polymorph (11)
Scrolls
 e - a scroll of vulnerability
 f - a scroll of poison
 i - a scroll of amnesia
 u - a scroll of enchant weapon
 w - a scroll of teleportation {@r2}
 x - a scroll of fog
 y - a scroll of revelation
 D - a scroll of fear
 I - a scroll of torment {unknown}
Potions
 b - a potion of magic
 g - a potion of cancellation {unknown}
 j - 2 potions of lignification
 l - a potion of ambrosia {unknown}
 o - 3 potions of brilliance
 p - a potion of resistance {unknown}
 r - a potion of mutation {unknown}
 s - 3 potions of curing {@q1}
 t - 2 potions of enlightenment
 z - a potion of haste {unknown}
 A - a potion of might {unknown}


   Skills:
 + Level 5.8 Fighting
 - Level 3.0 Armour
 + Level 6.0 Dodging
 - Level 5.0 Stealth
 + Level 2.6 Shields
 + Level 5.7 Spellcasting
 - Level 1.3 Conjurations
 - Level 14.0 Air Magic


You had 12 spell levels left.
You knew the following spells:

 Your Spells              Type           Power      Damage    Failure   Level
a - Shock                 Conj/Air       100%       1d9       4%          1
b - Airstrike             Air            28%        2d(5-21)  3%          4
u - Swiftness             Air            57%        N/A       1%          3

Your spell library contained the following spells:

 Spells                   Type           Power      Damage    Failure   Level
 Static Discharge         Conj/Air       72%        3-6/arc   6%          2
 Kiss of Death            Conj/Necr      32%        2d7       56%         1
 Confusing Touch          Hex            5%         N/A       95%         3
 Dispel Undead            Necr           5%         3d7       100%        4


Dungeon Overview and Level Annotations

Branches:
Dungeon (9/15)             Temple (0/1) D:5
   Lair: D:8-11         Orc: D:9-12

Altars:
Ashenzari
Cheibriados
Hepliaklqana
Makhleb
Nemelex Xobeh
Qazlal
Yredelemnul
The Shining One

Shops:
D:2 [   D:6 !   D:8 [

Annotations:
D:3 exclusion: downstairs
D:6 exclusions: 2 downstairs and 1 more exclusion
D:7 digging, exclusion: downstairs
D:8 exclusion: downstairs


Innate Abilities, Weirdness & Mutations

You have a beak for a mouth.
You have claws for feet.
Your magical flight helps you evade attacks. (EV +4)
You can magically evade attacks while moving or waiting.


Message History

Confirm with . or Enter, or press ? or * to list all spells.
Aiming: Shock (safe; 4% risk of failure)
Press: ? - help, Shift-Dir - straight line, f/p - slime creature
Aim: a slime creature (moderately wounded, 94% to hit)
The zap hits the slime creature!
The slime creature is moderately wounded.
The zap hits the slime creature.
The slime creature is lightly wounded.
Casting: Shock (safe; 4% risk of failure)
Confirm with . or Enter, or press ? or * to list all spells.
Aiming: Shock (safe; 4% risk of failure)
Press: ? - help, Shift-Dir - straight line, f/p - slime creature
Aim: a slime creature (moderately wounded, 94% to hit)
You miscast Shock.
You are very lightly contaminated with residual magic.
Nothing appears to happen.
You block the slime creature's attack.
You hit the slime creature.
You claw the slime creature, but do no damage.
You peck the slime creature.
The slime creature is heavily wounded.
The slime creature jiggles.
You block the slime creature's attack. The slime creature hits you!
You barely miss the slime creature.
The slime creature is heavily wounded.
The slime creature hits you!!
* * * LOW HITPOINT WARNING * * *
You barely miss the slime creature. You claw the slime creature.
The slime creature is heavily wounded.
Two slime creatures merge to form a large slime creature.
The large slime creature hits you but does no damage.
The large slime creature attacks as it pursues you!
The large slime creature completely misses you.
The large slime creature attacks as it pursues you!
The large slime creature closely misses you.
Your magical contamination has completely faded away.
Casting: Shock (safe; 4% risk of failure)
Confirm with . or Enter, or press ? or * to list all spells.
You feel quick. The large slime creature hits you!!
Ouch! That really hurt!
You die...

# #.###
#.#......#.#.#.#..
# #...#
#.########,..,,###
# ###.# #.#
######## # #.# #.#
#......# # #.# #.#
######.# # #.# #.#
#.# # #.## #.# #.#
# #..# #J# #.# #
##># #@# #.# # #.#
#.# #.#
##########.##
#.#############.#
............#
#...............#
##########..#
##############..#
#..#### #..#
#.....# #..#
##.##.# #.>#
#.##.## #####..##


You could see a large slime creature.

Vanquished Creatures
  Maurice (D:7)
  Joseph (D:8)
  Grinder (D:4)
  2 slime creatures
  A wyvern (D:8)
  3 yaks (D:7)
  Eustachio (D:7)
  A water moccasin (D:8)
  Duvessa (D:4)
  2 sky beasts
  3 black bears
  2 ice beasts (D:5)
  5 orc warriors
  2 centaurs
  A phantom (D:5)
  A gnoll sergeant (D:7)
  3 bullfrogs
  3 scorpions
  5 wights
  12 killer bees
  Dowan (D:4)
  A jelly (D:7)
  A bombardier beetle (D:5)
  2 hounds (D:6)
  4 orc priests
  2 sleepcaps
  2 iguanas
  An orc wizard (D:6)
  3 gnolls (D:7)
  10 adders
  2 white imps
  2 ufetubi (D:6)
  2 dart slugs
  A ribbon worm (D:3)
  20 orcs
  3 endoplasms
  4 giant cockroaches
  9 hobgoblins
  3 quokkas
  6 ball pythons
  3 bats (D:2)
  3 frilled lizards
  A goblin (D:1)
  11 kobolds
  2 rats
150 creatures vanquished.

Notes
Turn   | Place    | Note
-------+----------+-------------------------------------------
     0 | D:1      | Autsider the Tengu Air Elementalist began the quest for the
                  | Orb.
     0 | D:1      | Reached XP level 1. HP: 10/10 MP: 4/4
   470 | D:1      | Reached skill level 1 in Fighting
   470 | D:1      | Reached XP level 2. HP: 15/16 MP: 6/6
   580 | D:1      | Found a faded altar of an unknown god.
   988 | D:2      | Reached XP level 3. HP: 10/20 MP: 2/7
  1074 | D:2      | Found Zaoq's Antique Armour Boutique.
  1490 | D:3      | Reached skill level 5 in Air Magic
  2117 | D:3      | Found a hazy altar of Hepliaklqana.
  2183 | D:3      | Reached XP level 4. HP: 27/27 MP: 3/8
  2297 | D:3      | Reached skill level 6 in Air Magic
  2297 | D:3      | Reached XP level 5. HP: 23/32 MP: 2/9
  2761 | D:4      | Noticed Grinder
  3080 | D:4      | Noticed Dowan
  3092 | D:4      | Learned a level 3 spell: Swiftness
  3099 | D:4      | Killed Dowan
  3100 | D:4      | Reached XP level 6. HP: 19/37 MP: 2/11
  3182 | D:4      | Learned a level 4 spell: Airstrike
  3220 | D:4      | Found a burning altar of Makhleb.
  3298 | D:4      | Noticed Duvessa
  4110 | D:4      | Paralysed by Grinder for 4 turns
  4117 | D:4      | Killed Grinder
  4118 | D:4      | Reached skill level 8 in Air Magic
  4118 | D:4      | Gained mutation: Your magical flight helps you evade
                  | attacks. (EV +4) [Tengu growth]
  4118 | D:4      | Reached XP level 7. HP: 35/41 MP: 3/12
  4367 | D:5      | Entered Level 5 of the Dungeon
  4409 | D:5      | Reached skill level 9 in Air Magic
  4664 | D:5      | Found a broken altar of Ashenzari.
  4883 | D:5      | Reached XP level 8. HP: 46/46 MP: 5/14
  4985 | D:5      | Found a staircase to the Ecumenical Temple.
  5355 | D:5      | Reached skill level 10 in Air Magic
  5772 | D:6      | Reached skill level 5 in Spellcasting
  5919 | D:6      | Found a stormy altar of Qazlal.
  6076 | D:6      | Found a glowing golden altar of the Shining One.
  6537 | D:6      | Found a sparkling altar of Nemelex Xobeh.
  6606 | D:6      | Found Anedi's Distillery.
  6641 | D:6      | Bought a potion of curing for 42 gold pieces
  6641 | D:6      | Bought a potion of heal wounds for 70 gold pieces
  6641 | D:6      | Bought a potion of brilliance for 56 gold pieces
  6849 | D:2      | Bought a runed leather armour for 155 gold pieces
  6911 | D:4      | Killed Duvessa
  7165 | D:7      | Noticed Maurice
  7170 | D:7      | Killed Maurice
  7171 | D:7      | Reached XP level 9. HP: 52/52 MP: 0/17
  7297 | D:7      | Noticed Eustachio
  7678 | D:7      | Reached skill level 5 in Dodging
  7678 | D:7      | Reached skill level 5 in Stealth
  7905 | D:6      | Reached skill level 5 in Fighting
  8058 | D:6      | Reached skill level 11 in Air Magic
  8408 | D:7      | Killed Eustachio
  8409 | D:7      | Reached skill level 12 in Air Magic
  8515 | D:7      | Found a basalt altar of Yredelemnul.
  8663 | D:7      | Reached XP level 10. HP: 40/59 MP: 2/18
  8665 | D:7      | Reached skill level 13 in Air Magic
  9358 | D:7      | Reached skill level 14 in Air Magic
  9528 | D:8      | Reached skill level 1 in Shields
  9746 | D:8      | Found a snail-covered altar of Cheibriados.
  9746 | D:8      | Found Cheibriados's Comfort Zone.
 10155 | D:8      | Found a snail-covered altar of Cheibriados.
 10579 | D:8      | Noticed Joseph
 10586 | D:8      | Killed Joseph
 10826 | D:8      | Identified the +0 ring mail of the Cockatrice {rN++ Will+}
 11033 | D:8      | Slain by a large slime creature

Illustrated notes

Levels and vault maps discovered:
D:1:      amcnicky_arrival_double_pillar, layout_loops_corners,
          shapermc_ecumenical_altar_flowoftime, serial_glass, glass_columns_b,
          glass_columns_c, feat_on_display
D:2:      layout_basic, serial_shops, shop
D:3:      layout_basic, lemuel_crystal_altar, st_stairs_6
D:4:      layout_loops_corners, mainiacjoe_overflow_surrounded_room,
          uniq_grinder, uniq_duvessa
D:5:      layout_cave_pods, evilmike_ruin_ashenzari,
          minmay_temple_entry_from_below_a
D:6:      layout_basic, nicolae_qazlal_scattered_showers,
          nicolae_tso_carved_into_rock, nemelex_diamond_rough_becter,
          serial_shops, shop
D:7:      layout_rooms, mainiacjoe_overflow_cross_hatched, nrook_mini_vaults,
          minmay_holes, minmay_door_square, sword_in_stone, uniq_maurice
D:8:      layout_loops_ring, kennysheep_little_box, minmay_shop_chei,
          uniq_joseph
D:9:      minmay_the_grid_square_5x5_4x4 [minmay_the_grid_square_5x5_minibox,
          minmay_the_grid_square_5x5_v, minmay_the_grid_square_5x5_slash,
          minmay_the_grid_square_5x5_forky,
          minmay_the_grid_square_5x5_sharp_hourglass,
          minmay_the_grid_square_5x5_prize_monsterx,
          minmay_the_grid_square_5x5_prize_rear_guard,
          minmay_the_grid_square_5x5_shrine1,
          minmay_the_grid_square_5x5_spiral_small,
          minmay_the_grid_square_5x5_prize_junk,
          minmay_the_grid_square_5x5_prize_pseudospiral,
          minmay_the_grid_square_5x5_spiral, minmay_the_grid_square_5x5_seven,
          minmay_the_grid_square_5x5_two_walls_b, minmay_the_grid_square_5x5_z,
          minmay_the_grid_square_5x5_dogpile], layout_long_grid,
          grunt_temple_overflow_magic_moments, nicolae_uskayaw_dance_studio,
          zin_statuary, regret_index_xom_of_box

Skill      XL: |  1  2  3  4  5  6  7  8  9 10 |
---------------+-------------------------------+-----
Fighting       | 1 2 3 4 5 |  5.8
Air Magic      | 5 6 8 9 10 12 14 | 14.0
Dodging        | 3 4 5 6 |  6.0
Stealth        | 3 4 5 |  5.0
Spellcasting   | 3 5 |  5.7
Armour         | 2 3 |  3.0
Shields        | 2 |  2.6
Conjurations   | |  1.3

Action                     |  1- 3 |  4- 6 |  7- 9 | 10-12 || total
---------------------------+-------+-------+-------+-------++-------
  Melee: Short sword       |    31 |    18 |       |       ||    49
         Peck              |     4 |     4 |     9 |     7 ||    24
         Kick              |     3 |     6 |    21 |    13 ||    43
         Whip              |       |       |    53 |    37 ||    90
   Cast: Shock             |    53 |    50 |    37 |    12 ||   152
         Airstrike         |       |    11 |    71 |    45 ||   127
         Swiftness         |       |       |     1 |     5 ||     6
    Use: Potion            |       |     1 |     4 |     1 ||     6
         Scroll            |       |       |     6 |     7 ||    13
   Stab: Sleeping          |       |       |       |     1 ||     1
 Armour: Robe              |    16 |    16 |     8 |       ||    40
         Leather armour    |       |       |    36 |    45 ||    81
  Dodge: Dodged            |    27 |    15 |   135 |   141 ||   318
  Block: Kite shield       |       |       |       |    17 ||    17

Table legend: (Time is in decaauts)
 A = Elapsed time spent in this place.
 B = Non-inter-level travel time spent in this place.
 C = Inter-level travel time spent in this place.
 D = Time resting spent in this place.
 E = Time spent auto-exploring this place.
 F = Levels seen in this place.
 G = Mean time per level.
                   A        B        C        D        E       F      G
               +--------+--------+--------+--------+--------+-----+--------+
         Total |  11045 |  10170 |    875 |   1434 |   7385 |   9 | 1227.2 |
       Dungeon |  11045 |  10170 |    875 |   1434 |   7385 |   9 | 1227.2 |
               +--------+--------+--------+--------+--------+-----+--------+

Top non-repeatable levels by time:
     D:6: 2070 daAuts
     D:7: 1833 daAuts
     D:4: 1781 daAuts
     D:5: 1377 daAuts
     D:8: 1110 daAuts
     D:3: 1103 daAuts
     D:1: 919 daAuts
     D:2: 847 daAuts
     D:9: 1 daAuts
